 Dungeon Crawl Stone Soup version 0.29-a0-330-g52719c12eb (webtiles) character file.

Game seed: 9249854774319122387

32119 enile the Protected (level 13, -6/99 HPs)
             Began as a Gnoll Wanderer on Apr 12, 2022.
             Was a Follower of Uskayaw.
             Mangled by a sixfirhy (7 damage)
             ... in a Gauntlet.
             The game lasted 00:50:13 (25735 turns).

enile the Protected (Gnoll Wanderer)               Turns: 25735, Time: 00:50:14

Health: -6/99      AC:  9    Str: 29    XL:     13   Next: 62%
Magic:  25/25      EV: 10    Int: 10    God:    Uskayaw [*.....]
Gold:   1848       SH:  0    Dex:  5    Spells: 17/28 levels left

rFire   + + .      SeeInvis .   K - +1 quarterstaff (speed)
rCold   . . .      Faith    .   (shield currently unavailable)
rNeg    + . .      Spirit   .   Y - +0 leather armour {rC+ rF+}
rPois   .          Reflect  .   l - +1 helmet
rElec   .          Harm     .   (no cloak)
rCorr   .          Rampage  .   (no gloves)
Will    +....      NoTele   +   (no boots)
Stlth   ++++......              f - amulet "Gila" {rC- rN+ Regen+ Str+9 Dex-5}
HPRegen 1.06/turn               T - +4 ring of evasion
MPRegen 0.19/turn               r - ring of willpower

@: held
A: fangs 1, strong nose, distributed training, iridescent scales 1, fire
resistance 1, teleportitis 1
a: Renounce Religion, Stomp


You were in a Gauntlet.
You worshipped Uskayaw.
Uskayaw was aware of your devotion.
You visited 3 branches of the dungeon, and saw 16 of its levels.
You also visited: Bailey, Gauntlet and Ice Cave.

You collected 1990 gold pieces.
You spent 142 gold pieces at shops.

Inventory:

Hand Weapons
 k - a +0 broad axe of protection
 J - a +1 battleaxe of chaos
 K - a +1 quarterstaff of speed (weapon)
 R - the +12 short sword of Naoviret {elec, MP+9 Str+2}
   (You found it on level 8 of the Dungeon)

   It occasionally discharges a powerful burst of electricity upon striking a
   foe.
   Str:       It affects your strength (+2).
   MP:        It affects your magic capacity (+9).
 X - a +4 triple sword of freezing
Missiles
 v - 4 atropa-tipped darts
 y - 24 poisoned darts
 C - 4 datura-tipped darts
 H - 19 curare-tipped darts
Armour
 e - a +3 scale mail
 l - a +1 helmet (worn)
 Y - a +0 leather armour of resistance (worn)
Jewellery
 a - a ring of see invisible
 f - the amulet "Gila" (around neck) {rC- rN+ Regen+ Str+9 Dex-5}
   (You found it in a Gauntlet)

   [amulet of regeneration]

   Str:       It affects your strength (+9).
   Dex:       It affects your dexterity (-5).
   rC:        It makes you vulnerable to cold.
   rN:        It protects you from negative energy.
   Regen:     It increases your rate of health regeneration.
 q - an amulet of reflection
 r - a ring of willpower (right hand)
 N - a ring of willpower
 T - a +4 ring of evasion (left hand)
 W - a ring of positive energy
Wands
 g - a wand of iceblast (2)
 z - a wand of paralysis (4)
 B - a wand of flame (2)
Scrolls
 b - 3 scrolls of fog
 d - 2 scrolls of silence
 i - 4 scrolls of immolation
 n - 3 scrolls of amnesia
 t - 3 scrolls of noise
 D - a scroll of holy word
 E - a scroll of teleportation
 F - a scroll of vulnerability
 O - 2 scrolls of magic mapping
 P - 2 scrolls of enchant armour
 U - 2 scrolls of blinking
Potions
 c - 3 potions of curing
 h - 20 potions of degeneration
 j - a potion of brilliance
 m - 3 potions of flight
 p - 2 potions of berserk rage
 w - 4 potions of attraction
 A - 3 potions of haste
 G - a potion of magic {unknown}
 I - 4 potions of cancellation {unknown}
 M - a potion of invisibility {unknown}
 V - 2 potions of might
Miscellaneous
 o - a phantom mirror (inert)
 L - a phial of floods (inert)


   Skills:
 + Level 8.4 Fighting
 + Level 8.4 Short Blades
 + Level 8.4 Long Blades
 + Level 8.4 Axes
 + Level 8.4 Maces & Flails
 + Level 8.4 Polearms
 + Level 8.4 Staves
 + Level 8.4 Slings
 + Level 8.4 Bows
 + Level 8.4 Crossbows
 + Level 8.4 Throwing
 + Level 13.2 Armour
 + Level 8.4 Dodging
 + Level 10.4 Stealth
 + Level 8.4 Shields
 + Level 8.9 Unarmed Combat
 + Level 8.4 Spellcasting
 + Level 7.0 Conjurations
 + Level 7.0 Hexes
 + Level 7.0 Summonings
 + Level 7.0 Necromancy
 + Level 7.0 Translocations
 + Level 7.0 Transmutations
 + Level 7.0 Fire Magic
 + Level 7.0 Ice Magic
 + Level 7.0 Air Magic
 + Level 7.0 Earth Magic
 + Level 7.0 Poison Magic
 + Level 9.6 Invocations
 + Level 8.4 Evocations


You had 17 spell levels left.
You knew the following spells:

 Your Spells              Type           Power      Damage    Failure   Level
a - Inner Flame           Hex/Fire       18%        N/A       2%          3
b - Passwall              Tmut/Erth      15%        N/A       1%          2
c - Swiftness             Air            18%        N/A       2%          3
d - Stone Arrow           Conj/Erth      36%        3d9       2%          3

Your spell library contained the following spells:

 Spells                   Type           Power      Damage    Failure   Level
 Freeze                   Ice            72%        1d9       1%          1
 Sandblast                Erth           36%        2d10      1%          1
 Ensorcelled Hibernation  Hex/Ice        36%        N/A       1%          2
 Confusing Touch          Hex            18%        N/A       2%          3
 Conjure Flame            Conj/Fire      18%        6-21      2%          3
 Frozen Ramparts          Ice            36%        1d5       2%          3
 Ignite Poison            Fire/Tmut/Pois 18%        N/A       2%          3
 Cause Fear               Hex            9%         N/A       10%         4
 Hailstorm                Conj/Ice       18%        3d6       10%         4
 Ice Form                 Ice/Tmut       18%        N/A       10%         4
 Sticky Flame             Conj/Fire      18%        2d4       10%         4
 Freezing Cloud           Conj/Ice/Air   9%         6-21      26%         5
 Summon Forest            Summ/Tloc      9%         N/A       26%         5
 Yara's Violent Unravell  Hex/Tmut       9%         3d6       26%         5
 Eringya's Noxious Bog    Tmut/Pois      9%         N/A       82%         6
 Simulacrum               Ice/Necr       9%         N/A       82%         6
 Enfeeble                 Hex            9%         N/A       100%        7
 Summon Hydra             Summ           9%         N/A       100%        7
 Discord                  Hex            9%         N/A       100%        8
 Polar Vortex             Ice            9%         N/A       100%        9


Dungeon Overview and Level Annotations

Branches:
Dungeon (10/15)            Temple (1/1) D:4            Lair (5/6) D:10
  Swamp (0/4) Lair:2       Spider (0/4) Lair:3          Orc (0/2) D:10
 Bailey (visited)           IceCv (visited)         Gauntlet (1/1)
  Slime: Lair:5-6

Altars:
Ashenzari
Cheibriados
Dithmenos
Elyvilon
Fedhas
Gozag
Hepliaklqana
Kikubaaqudgha
Makhleb
Nemelex Xobeh
Okawaru
Qazlal
Ru
Sif Muna
Trog
Uskayaw
Vehumet
Wu Jian
Xom
Yredelemnul
Zin
The Shining One
Beogh

Shops:
D:3 !   D:7 *

Annotations:
D:6 5 runed translucent doors Gauntlet 9 transporters


Innate Abilities, Weirdness & Mutations

You have very sharp teeth.
Your uncanny sense of smell can sniff out nearby items.
Your experience applies equally to all skills.
You are partially covered in iridescent scales. (AC +2)
Your flesh is heat resistant. (rF+)
You are occasionally teleported next to monsters.


Message History

Here: a sixfirhy (heavily wounded)
The floor.
Okay, then.
Press: ? - help, v - describe, . - travel
Here: a sixfirhy (heavily wounded)
The floor.
Okay, then.
Read: 2 scrolls of fear
Press: ? - help, Q - select action, (/) - cycle Dir - look around, f - activate Look: a sixfirhy (heavily wounded, chance to affect: 79%)
As you read the scroll of fear, it crumbles to dust.
You assume a fearsome visage.
The sixfirhy easily resists.
The sixfirhy resists with almost no effort.
The sixfirhy looks frightened!
The sixfirhy completely misses you. The sixfirhy drops a net on you.
You become entangled in the net!
The sixfirhy barely misses you. x2
Read: scroll of fear
Press: ? - help, Q - select action, (/) - cycle Dir - look around, f - activate Look: a sixfirhy (heavily wounded, fleeing, chance to affect: 79%)
As you read the scroll of fear, it crumbles to dust.
You assume a fearsome visage.
The sixfirhy resists with some effort.
The sixfirhy looks frightened! x2
You tear a large gash into the net.
You shred the net and break free! The sixfirhy drops a net on you.
You become entangled in the net!
Cornered, the sixfirhy turns to fight!
You struggle against the net.
The sixfirhy hits you but does no damage.
The sixfirhy hits you!
* * * LOW HITPOINT WARNING * * *
The sixfirhy shocks you!
* * * LOW HITPOINT WARNING * * *
The sixfirhy closely misses you.
Cornered, the sixfirhy turns to fight!
The sixfirhy hits you but does no damage.
The sixfirhy hits you.
* * * LOW HITPOINT WARNING * * *
The sixfirhy shocks you!
* * * LOW HITPOINT WARNING * * *
The sixfirhy hits you!
You die...

#########...............§##..##
.......##...#########...##.....
#^....#.#...#......3#...#....#
.#..^#..#####.......#...#.8©.#
..#^#...#...#####'###...#....##
..©#...©#©.©#©.3.'.©#.8.#.8©...
..#^#...#...#.##^'###...#....##
.#...#..#####.##3#!.#...#.8©.#
#.....#.#...#..3@#=}#...#....#
......^##...#########...##.....
#########...............≈##..##
................8.....8.## #.#
...8.....8...............## ##
...........###########...§#
########...#..yss....#...##
yy..y..#...#.##...##.#...≈#
.⌠.#.#.#####.#.#.#.#=#...##


You could see a moth of wrath, 4 sixfirhies and 2 redbacks.

Vanquished Creatures
  A blizzard demon (Gauntlet)
  2 hydras
  A catoblepas (Lair:2)
  A two-headed ogre (D:9)
  A wizard (D:10)
  Pikel (D:9)
  An ugly thing (IceCv)
  A will-o-the-wisp (Lair:2)
  9 elephants
  3 ice statues (IceCv)
  7 cane toads
  3 komodo dragons
  2 ice devils (Gauntlet)
  A freezing wraith (IceCv)
  An anaconda simulacrum (IceCv)
  4 trolls
  A polar bear (Lair:4)
  A tarantella (Lair:3)
  Prince Ribbit (D:6)
  6 blink frogs (Lair:2)
  A wyvern (Lair:4)
  A shadow (D:10)
  A wraith (D:9)
  4 basilisks
  4 vampire mosquitoes (D:8)
  2 death yak simulacra (IceCv)
  3 steam dragons
  23 yaks
  Menkaure (D:4)
  A harpy simulacrum (IceCv)
  11 water moccasins
  2 sky beasts
  6 orc warriors
  An ice beast (D:8)
  3 black bears
  18 wolves
  2 ogres
  2 centaurs
  2 lemures (D:9)
  11 kobold brigands
  10 bullfrogs
  3 necrophages
  5 scorpions
  A cane toad simulacrum (IceCv)
  13 wights
  An elephant simulacrum (IceCv)
  A crimson imp (D:10)
  10 howler monkeys
  2 lava snakes (Lair:5)
  4 jellies
  3 orc priests
  A gnoll shaman (D:9)
  9 hounds
  4 iguanas
  Ijyb (D:2)
  4 orc wizards
  2 polar bear simulacra (IceCv)
  A wolf simulacrum (IceCv)
  Robin (D:2)
  7 gnolls
  11 adders
  A shadow imp (D:7)
  2 white imps
  An ufetubus (D:3)
  4 worms
  3 dart slugs
  39 orcs
  3 ball pythons
  7 endoplasms
  5 giant cockroaches
  15 goblins
  13 hobgoblins
  5 jackals
  5 quokkas
  3 bats (D:1)
  3 frilled lizards
  2 goblin zombies (D:8)
  27 kobolds
  3 rats (D:1)
382 creatures vanquished.

Vanquished Creatures (collateral kills)
  2 hydras
  5 elephants (Lair:2)
  A hornet (D:8)
  An ice beast (D:8)
  An orc warrior (D:8)
  A wolf (Lair:3)
  A shadow imp (D:8)
  An orc (D:8)
13 creatures vanquished.

Vanquished Creatures (others)
  A wolf (Lair:2)
  A howler monkey (D:10)
  A white imp (Gauntlet)
  An orc (D:4)
  6 foxfires (Lair:2)
  32 fungi
  30 plants
72 creatures vanquished.

Grand Total: 467 creatures vanquished

Notes
Turn   | Place    | Note
-------+----------+-------------------------------------------
     0 | D:1      | Reached skill level 10 in Armour
     0 | D:1      | enile the Gnoll Wanderer began the quest for the Orb.
     0 | D:1      | enile set off with the following items: a +0 club, a scroll
                  | of fog, a potion of curing, a scroll of silence, a +2 scale
                  | mail
     0 | D:1      | Reached XP level 1. HP: 13/13 MP: 2/2
   420 | D:1      | Reached XP level 2. HP: 15/19 MP: 3/3
   674 | D:1      | Reached XP level 3. HP: 15/25 MP: 4/4
  1671 | D:2      | Reached skill level 1 in Fighting
  1671 | D:2      | Reached skill level 1 in Short Blades
  1671 | D:2      | Reached skill level 1 in Long Blades
  1671 | D:2      | Reached skill level 1 in Axes
  1671 | D:2      | Reached skill level 1 in Maces & Flails
  1671 | D:2      | Reached skill level 1 in Polearms
  1671 | D:2      | Reached skill level 1 in Staves
  1671 | D:2      | Reached skill level 1 in Slings
  1671 | D:2      | Reached skill level 1 in Bows
  1671 | D:2      | Reached skill level 1 in Crossbows
  1671 | D:2      | Reached skill level 1 in Throwing
  1671 | D:2      | Reached skill level 1 in Dodging
  1671 | D:2      | Reached skill level 1 in Shields
  1671 | D:2      | Reached skill level 1 in Spellcasting
  1671 | D:2      | Reached skill level 1 in Evocations
  1897 | D:2      | Reached XP level 4. HP: 32/32 MP: 6/6
  2109 | D:2      | Found a faded altar of an unknown god.
  2125 | D:2      | Prayed at the altar of an unknown god.
  2125 | D:2      | Became a worshipper of Elyvilon the Healer
  2125 | D:2      | Reached * piety under Elyvilon
  2143 | D:3      | Noticed Robin
  2289 | D:3      | Noticed Ijyb
  2310 | D:2      | Killed Robin
  2322 | D:2      | Killed Ijyb
  2323 | D:2      | Reached skill level 1 in Conjurations
  2323 | D:2      | Reached skill level 1 in Hexes
  2323 | D:2      | Reached skill level 1 in Summonings
  2323 | D:2      | Reached skill level 1 in Necromancy
  2323 | D:2      | Reached skill level 1 in Translocations
  2323 | D:2      | Reached skill level 1 in Transmutations
  2323 | D:2      | Reached skill level 1 in Fire Magic
  2323 | D:2      | Reached skill level 1 in Ice Magic
  2323 | D:2      | Reached skill level 1 in Air Magic
  2323 | D:2      | Reached skill level 1 in Earth Magic
  2323 | D:2      | Reached skill level 1 in Poison Magic
  2492 | D:3      | Found Facob's Distillery.
  2497 | D:3      | Bought a potion of heal wounds for 65 gold pieces
  2537 | D:3      | Reached XP level 5. HP: 37/37 MP: 7/7
  3049 | D:3      | Found a shadowy altar of Dithmenos.
  3543 | D:4      | Reached ** piety under Elyvilon
  3572 | D:4      | Reached XP level 6. HP: 4/44 MP: 8/8
  3821 | D:4      | Noticed Menkaure
  3848 | D:4      | Killed Menkaure
  3849 | D:4      | Reached XP level 7. HP: 17/50 MP: 7/10
  4039 | D:4      | Found a staircase to the Ecumenical Temple.
  4183 | Temple   | Entered the Ecumenical Temple
  4302 | Temple   | Fell from the grace of Elyvilon
  4302 | Temple   | Became a worshipper of Uskayaw the Reveller
  4380 | D:4      | Reached * piety under Uskayaw
  4477 | D:4      | Reached ** piety under Uskayaw
  4481 | D:4      | Reached *** piety under Uskayaw
  4941 | D:4      | Reached XP level 8. HP: 44/57 MP: 12/12
  5335 | D:5      | Entered Level 5 of the Dungeon
  5862 | D:5      | Noticed a yak
  5862 | D:5      | Noticed a yak
  5863 | D:5      | Noticed a yak
  5864 | D:5      | Noticed a yak
  5913 | D:6      | Noticed Prince Ribbit
  5923 | D:6      | Killed Prince Ribbit
  6162 | D:6      | Found a runed translucent door.
  6163 | D:6      | Found a runed translucent gate.
  6163 | D:6      | Found a runed translucent gate.
  6171 | D:6      | Found the +9 staff of Olgreb {rPois∞}
  6176 | D:6      | Found a runed translucent door.
  6188 | D:6      | Reached skill level 11 in Armour
  6201 | D:6      | Reached **** piety under Uskayaw
  6292 | D:6      | Reached ***** piety under Uskayaw
  6333 | D:6      | Found a runed translucent gate.
  7006 | D:6      | Reached skill level 5 in Invocations
  7006 | D:6      | Reached XP level 9. HP: 41/65 MP: 14/14
  8355 | D:7      | Found Vosuomue's Elemental Accessories.
  8363 | D:7      | Bought a wand of flame (9) for 77 gold pieces
  8382 | D:7      | Reached skill level 5 in Unarmed Combat
  8982 | D:8      | Noticed a hornet
  8995 | D:8      | Killed a hornet
  9022 | D:8      | Found a flagged portal.
  9055 | Bailey   | Entered a bailey
  9413 | Bailey   | Reached XP level 10. HP: 39/73 MP: 17/17
  9452 | Bailey   | Reached skill level 5 in Fighting
  9452 | Bailey   | Reached skill level 5 in Short Blades
  9452 | Bailey   | Reached skill level 5 in Long Blades
  9452 | Bailey   | Reached skill level 5 in Axes
  9452 | Bailey   | Reached skill level 5 in Maces & Flails
  9452 | Bailey   | Reached skill level 5 in Polearms
  9452 | Bailey   | Reached skill level 5 in Staves
  9452 | Bailey   | Reached skill level 5 in Slings
  9452 | Bailey   | Reached skill level 5 in Bows
  9452 | Bailey   | Reached skill level 5 in Crossbows
  9452 | Bailey   | Reached skill level 5 in Throwing
  9452 | Bailey   | Reached skill level 5 in Dodging
  9452 | Bailey   | Reached skill level 5 in Shields
  9452 | Bailey   | Reached skill level 5 in Spellcasting
  9452 | Bailey   | Reached skill level 5 in Evocations
  9822 | Bailey   | Found an iron altar of Okawaru.
  9879 | D:8      | HP: 1/74 [yak (12)]
 12487 | D:9      | Noticed Pikel
 12509 | D:9      | Killed Pikel
 12520 | D:9      | Reached XP level 11. HP: 47/81 MP: 19/19
 12983 | D:9      | Reached skill level 12 in Armour
 13296 | D:9      | Reached skill level 5 in Conjurations
 13296 | D:9      | Reached skill level 5 in Hexes
 13296 | D:9      | Reached skill level 5 in Summonings
 13296 | D:9      | Reached skill level 5 in Necromancy
 13296 | D:9      | Reached skill level 5 in Translocations
 13296 | D:9      | Reached skill level 5 in Transmutations
 13296 | D:9      | Reached skill level 5 in Fire Magic
 13296 | D:9      | Reached skill level 5 in Ice Magic
 13296 | D:9      | Reached skill level 5 in Air Magic
 13296 | D:9      | Reached skill level 5 in Earth Magic
 13296 | D:9      | Reached skill level 5 in Poison Magic
 13669 | D:9      | Identified the +8 dagger of Darkness {freeze, Str+4 Dex-5}
 14451 | D:10     | Entered Level 10 of the Dungeon
 14606 | D:8      | Identified the +12 short sword of Naoviret {elec, MP+9
                  | Str+2}
 14658 | D:10     | Noticed a two-headed ogre
 14667 | D:9      | Killed a two-headed ogre
 15028 | D:10     | Found a staircase to the Lair.
 15635 | D:10     | Found a staircase to the Orcish Mines.
 15859 | D:10     | Noticed a wizard
 15886 | D:10     | Killed a wizard
 15983 | D:10     | Learned a level 3 spell: Inner Flame
 16002 | Lair:1   | Entered Level 1 of the Lair of Beasts
 16253 | Lair:1   | You fall into a shaft and drop 1 floor!
 16318 | Lair:2   | Found a staircase to the Swamp.
 16318 | Lair:2   | Noticed a will-o-the-wisp
 16340 | Lair:2   | Reached XP level 12. HP: 14/89 MP: 22/22
 16509 | Lair:2   | Found a frozen archway.
 16514 | IceCv    | Entered an ice cave
 17796 | IceCv    | Gained mutation: Your flesh is heat resistant. (rF+)
                  | [potion of mutation]
 17796 | IceCv    | Gained mutation: You are occasionally teleported next to
                  | monsters. [potion of mutation]
 17796 | IceCv    | Gained mutation: You are partially covered in iridescent
                  | scales. (AC +2) [potion of mutation]
 18123 | IceCv    | HP: 3/91 [ice statue/bolt of cold (13)]
 18483 | IceCv    | Learned a level 2 spell: Passwall
 19195 | Lair:2   | HP: 3/91 [blink frog (15)]
 19452 | Lair:2   | Noticed a four-headed hydra
 19850 | Lair:2   | Killed a four-headed hydra
 19995 | Lair:2   | Learned a level 3 spell: Swiftness
 20009 | Lair:2   | Noticed a catoblepas
 20020 | Lair:2   | Killed a catoblepas
 20621 | Lair:2   | Identified the +5 chain mail of Cheibriados's Hope {Slay+4}
 21818 | Lair:3   | Reached XP level 13. HP: 97/98 MP: 24/24
 21973 | Lair:2   | Reached skill level 10 in Stealth
 22393 | Lair:3   | Reached skill level 13 in Armour
 22479 | Lair:3   | Found a hole to the Spider Nest.
 24762 | Lair:5   | Found a gate leading to a gauntlet.
 24811 | Gauntlet | Entered a Gauntlet
 24811 | Gauntlet | Found a transporter.
 24820 | Gauntlet | Noticed a blizzard demon
 24880 | Gauntlet | Learned a level 3 spell: Stone Arrow
 24982 | Gauntlet | Found a transporter.
 24994 | Gauntlet | Found a transporter.
 24998 | Gauntlet | Found a transporter.
 25014 | Gauntlet | Found a transporter.
 25016 | Gauntlet | Noticed an entropy weaver
 25027 | Gauntlet | Found a runed translucent gate.
 25028 | Gauntlet | Found a transporter.
 25028 | Gauntlet | Found a runed translucent gate.
 25029 | Gauntlet | Found a runed translucent gate.
 25041 | Gauntlet | Found a transporter.
 25063 | Gauntlet | Found a transporter.
 25065 | Gauntlet | Found a transporter.
 25073 | Gauntlet | Found a transporter.
 25103 | Gauntlet | Found a transporter.
 25103 | Gauntlet | Found a transporter.
 25424 | Gauntlet | Killed a blizzard demon
 25694 | Gauntlet | Identified the amulet "Gila" {rC- rN+ Regen+ Str+9 Dex-5}
 25735 | Gauntlet | HP: 1/99 [sixfirhy (11)]
 25735 | Gauntlet | Mangled by a sixfirhy

Illustrated notes

Levels and vault maps discovered:
D:1:      sevenhm_arrival_forest_fort_large_2, layout_loops_ring
D:2:      wad_crossroads, layout_rooms, chequers_ecumenical_altar_simple
D:3:      layout_rooms, nicolae_dithmenos_the_darkroom, serial_shops,
          nicolae_shop_hallway_plus, uniq_robin, uniq_ijyb
D:4:      wad_river_or_something, layout_basic, minmay_temple_entry_tees,
          uniq_menkaure
D:5:      layout_rooms
D:6:      minmay_skewed_foursquare, layout_gridville,
          amcnicky_mini_rare_corridor_liquid,
          minmay_guarded_unrand_staff_of_olgreb, uniq_prince_ribbit1
D:7:      layout_cave_pools, nicolae_elemental_shop, mrwooster_statue_mirror,
          kennysheep_generic_room_11
D:8:      layout_gridville, enter_bailey_7, enter_ossuary_4
D:9:      layout_loops_cross, special_room [special_room_orc],
          minmay_misc_feat_enclosed, uniq_pikel
D:10:     layout_cross, erik_lair_island, orc_0_dummy, lightli_wizard_tower
Temple:   kilobyte_greek_temple
Lair:1:   layout_regular_city, minivault_27, serial_bayou_pond_b
Lair:2:   layout_cave_pods, minmay_swamp_entry_wisps,
          portal_ice_cave_entry_pillars_1
Lair:3:   layout_misc_corridors, spider_nest_entry_rubble, beast_lair_carwin_10
Lair:4:   layout_regular_city, grunt_forest_stairs_basic
Lair:5:   cheibrodos_magma_flow, layout_cave_pods, gauntlet_entry_generic,
          serial_bayou_shore_a, grunt_megastairs_2
Gauntlet: minmay_gauntlet_mixed_oops_all_seconds
          [minmay_gauntlet_arena_77_squiggly, nicolae_gauntlet_arena_x,
          minmay_gauntlet_arena_77_museum, gammafunk_gauntlet_arena_split_x,
          minmay_gauntlet_arena_77_run_for_it, gammafunk_gauntlet_arena_corners,
          gauntlet_exit_hidden_loot]

Skill      XL: |  1  2  3  4  5  6  7  8  9 10 11 12 13 |
---------------+----------------------------------------+-----
Armour         | 11 12 13 | 13.2
Stealth        | 6 7 8 9 10 | 10.4
Fighting       | 1 2 3 4 5 6 7 8 |  8.4
Short Blades   | 1 2 3 4 5 6 7 8 |  8.4
Long Blades    | 1 2 3 4 5 6 7 8 |  8.4
Axes           | 1 2 3 4 5 6 7 8 |  8.4
Maces & Flails | 1 2 3 4 5 6 7 8 |  8.4
Polearms       | 1 2 3 4 5 6 7 8 |  8.4
Staves         | 1 2 3 4 5 6 7 8 |  8.4
Slings         | 1 2 3 4 5 6 7 8 |  8.4
Bows           | 1 2 3 4 5 6 7 8 |  8.4
Crossbows      | 1 2 3 4 5 6 7 8 |  8.4
Throwing       | 1 2 3 4 5 6 7 8 |  8.4
Dodging        | 1 2 3 4 5 6 7 8 |  8.4
Shields        | 1 2 3 4 5 6 7 8 |  8.4
Spellcasting   | 1 2 3 4 5 6 7 8 |  8.4
Evocations     | 1 2 3 4 5 6 7 8 |  8.4
Conjurations   | 1 2 3 4 5 6 7 |  7.0
Hexes          | 1 2 3 4 5 6 7 |  7.0
Summonings     | 1 2 3 4 5 6 7 |  7.0
Necromancy     | 1 2 3 4 5 6 7 |  7.0
Translocations | 1 2 3 4 5 6 7 |  7.0
Transmutations | 1 2 3 4 5 6 7 |  7.0
Fire Magic     | 1 2 3 4 5 6 7 |  7.0
Ice Magic      | 1 2 3 4 5 6 7 |  7.0
Air Magic      | 1 2 3 4 5 6 7 |  7.0
Earth Magic    | 1 2 3 4 5 6 7 |  7.0
Poison Magic   | 1 2 3 4 5 6 7 |  7.0
Invocations    | 3 4 5 6 8 9 |  9.6
Unarmed Combat | 3 4 5 6 7 8 |  8.9

Action                   |  1- 3 |  4- 6 |  7- 9 | 10-12 | 13-15 || total
-------------------------+-------+-------+-------+-------+-------++-------
Melee: Unarmed           |   150 |     2 |       |       |       ||   152
       Bite              |    13 |    26 |    46 |    84 |    14 ||   183
       Punch             |     7 |     4 |     8 |    23 |     8 ||    50
       Dagger            |       |   224 |   153 |       |       ||   377
       Hand axe          |       |       |   135 |       |       ||   135
       Battleaxe         |       |       |    94 |     2 |       ||    96
       Quarterstaff      |       |       |       |   277 |     2 ||   279
       Broad axe         |       |       |       |   114 |       ||   114
       Short sword       |       |       |       |   305 |   164 ||   469
       Triple sword      |       |       |       |    16 |       ||    16
Throw: Throwing net      |       |     4 |     7 |       |       ||    11
       Dart              |       |     2 |    10 |    44 |       ||    56
 Cast: Inner Flame       |       |       |       |     2 |       ||     2
       Swiftness         |       |       |       |       |     1 ||     1
       Passwall          |       |       |       |       |     1 ||     1
Invok: Heal Other        |       |     1 |     2 |       |       ||     3
       Stomp             |       |       |     6 |    11 |       ||    17
       Line Pass         |       |       |       |     1 |       ||     1
Evoke: Wand              |       |     2 |    14 |    52 |     4 ||    72
       Phial of floods   |       |       |       |       |     1 ||     1
       Phantom mirror    |       |       |       |       |     1 ||     1
  Use: Potion            |       |     2 |     2 |    10 |     2 ||    16
       Scroll            |       |       |    12 |    18 |     9 ||    39
 Stab: Sleeping          |     4 |     1 |     5 |     1 |     3 ||    14
       Held in net/web   |       |     2 |       |       |       ||     2
       Paralysed         |       |       |    16 |    44 |    13 ||    73
       Distracted        |       |       |     1 |     2 |       ||     3
Armor: Scale mail        |    59 |    98 |   172 |   159 |       ||   488
       Skin              |       |    38 |       |       |       ||    38
       Leather armour    |       |       |       |    87 |    50 ||   137
Dodge: Dodged            |    70 |   115 |   203 |   432 |   140 ||   960
Block: Other             |       |       |    14 |   141 |    37 ||   192
       Reflection        |       |       |     1 |     3 |     2 ||     6

Table legend: (Time is in decaauts)
 A = Elapsed time spent in this place.
 B = Non-inter-level travel time spent in this place.
 C = Inter-level travel time spent in this place.
 D = Time resting spent in this place.
 E = Time spent auto-exploring this place.
 F = Levels seen in this place.
 G = Mean time per level.
                   A        B        C        D        E       F      G
               +--------+--------+--------+--------+--------+-----+--------+
         Total |  25603 |  24632 |    971 |   4220 |  16095 |  19 | 1347.5 |
       Dungeon |  14976 |  14172 |    804 |   1858 |   9965 |  10 | 1497.6 |
        Temple |    165 |    159 |      6 |      0 |    138 |   1 |  165.0 |
          Lair |   6076 |   5916 |    160 |    925 |   4059 |   5 | 1215.2 |
        Bailey |    813 |    813 |      0 |    131 |    501 |   1 |  813.0 |
      Ice Cave |   2651 |   2651 |      0 |   1306 |    849 |   1 | 2651.0 |
      Gauntlet |    918 |    918 |      0 |      0 |    582 |   1 |  918.0 |
               +--------+--------+--------+--------+--------+-----+--------+

Top non-repeatable levels by time:
  Lair:2: 3024 daAuts
   IceCv: 2651 daAuts
     D:9: 2542 daAuts
     D:6: 2451 daAuts
     D:8: 2314 daAuts
     D:4: 1610 daAuts
     D:1: 1451 daAuts
  Lair:4: 1301 daAuts
  Lair:3: 1254 daAuts
     D:3: 1162 daAuts
     D:7: 1160 daAuts
Gauntlet: 918 daAuts
     D:2: 909 daAuts
    D:10: 845 daAuts
  Bailey: 813 daAuts
